 Dungeon Crawl Stone Soup version 0.29-a0-1027-gcd8c55af63 (webtiles) character file.

Game seed: 1047236327623640434

17 PentaManta the Ruffian (level 2, 29/29 HPs)
             Began as a Troll Abyssal Knight on Aug 13, 2022.
             Was a Believer of Lugonu.
             Got out of the dungeon alive.
             The game lasted 00:01:19 (838 turns).

PentaManta the Ruffian (Troll Abyssal Knight)        Turns: 838, Time: 00:01:20

Health: 29/29      AC:  4    Str: 20    XL:     2   Next: 44%
Magic:  2/2        EV: 10    Int:  6    God:    Lugonu [**....]
Gold:   61         SH:  0    Dex: 10    Spells: 1/1 levels left

rFire   . . .      SeeInvis .     - Unarmed
rCold   . . .      Faith    .   (no shield)
rNeg    . . .      Spirit   .   a - +0 robe
rPois   .          Reflect  .   (helmet restricted)
rElec   .          Harm     .   (no cloak)
rCorr   .          Rampage  .   (gloves unavailable)
Will    .....                   (boots unavailable)
Stlth   +.........              (no amulet)
HPRegen 0.89/turn               (no ring)
MPRegen 0.08/turn               (no ring)

@: no status effects
A: large, unfitting armour, claws 3, regeneration 1, shaggy fur 1, tough skin 1
a: Renounce Religion, Depart the Abyss, Bend Space


You escaped.
You worshipped Lugonu.
Lugonu was pleased with you.
You visited 1 branch of the dungeon, and saw 1 of its levels.
You visited the Abyss 1 time.

You collected 61 gold pieces.

Inventory:

Armour
 a - a +0 robe (worn)
Scrolls
 b - a scroll of enchant weapon {unknown}
 d - a scroll of poison {unknown}
 e - a scroll of fear {unknown}
 f - a scroll of vulnerability {unknown}
 g - a scroll of butterflies {unknown}
Potions
 c - a potion of curing {unknown}


   Skills:
 - Level 2.4 Fighting
 - Level 1.9 Dodging
 + Level 3.1 Unarmed Combat
 - Level 1.5 Invocations


You had one spell level left.
You didn't know any spells.
Your spell library was empty.

Dungeon Overview and Level Annotations

Branches:
Dungeon (1/15)

Altars:

Shops:
D:1 :


Innate Abilities, Weirdness & Mutations

You are too large for most types of armour.
You have claws for hands.
Your natural rate of healing is unusually fast.
You are covered in fur. (AC +1)
You have tough skin. (AC +1)


Message History

a +0 dagger of electrocution; a goblin corpse A hobgoblin is nearby!
A hobgoblin is nearby!
The hobgoblin hits you.
You closely miss the hobgoblin. The hobgoblin barely misses you.
You barely miss the hobgoblin.
The hobgoblin hits you but does no damage.
You claw the hobgoblin!
You kill the hobgoblin!
Lugonu accepts your kill.
No target in view!
You now have 58 gold pieces (gained 14).
You see here a hobgoblin corpse.
Found a stone staircase leading down.
There is a stone staircase leading down here.
You see here 2 stones.
Things that are here:
a +0 club; 5 stones; a kobold skeleton Key pressed, stopping explore.
Partly explored, can't reach some items and places.
Partly explored, can't reach some items and places.
No target in view!
No target in view!
No target in view!
Partly explored, can't reach some items and places.
Partly explored, can't reach some items and places.
Partly explored, can't reach some items and places.
You claw the plant!
The plant begins to die.
The plant is lightly damaged.
You scratch the plant.
The plant is lightly damaged.
You claw the plant!
The plant is lightly damaged.
A nearby plant withers and dies.
You now have 61 gold pieces (gained 3).
Things that are here:
a +0 club; 5 stones; a kobold skeleton
There is a staircase leading out of the dungeon here.
Are you sure you want to leave the Dungeon?
This will make you lose the game!
You have escaped!

#.# #.##.# #.#.#.#.#.....####
#.###.##.# #.#.#.#.#.....######
#.....##.#####.....#.............
####.......).......#.#.....#.#..#
#.###.##................#.....
#.###.##.#########.##..##..#..
#.##...#...........##..##.#_#.
#.##...#...........>...##..#..
#............@.....###........
#..................# #########
#♣###.................# ###
...####...#.#########.# #.. .♣.#
#...............# #.# ...#
########......### #.# .###
##....## #.# .# #.#.## #.# .#
#.#.# #.#


There were no monsters in sight!

Vanquished Creatures
  A dart slug (D:1)
  5 ball pythons (D:1)
  A giant cockroach (D:1)
  A goblin (D:1)
  2 hobgoblins (D:1)
  2 bats (D:1)
  2 frilled lizards (D:1)
  A kobold (D:1)
  A rat (D:1)
16 creatures vanquished.

Vanquished Creatures (others)
  A plant (D:1)
1 creature vanquished.

Grand Total: 17 creatures vanquished

Notes
Turn   | Place    | Note
-------+----------+-------------------------------------------
     0 | Abyss:1  | PentaManta the Troll Abyssal Knight began the quest for the
                  | Orb.
     0 | Abyss:1  | Reached XP level 1. HP: 22/22 MP: 1/1
     1 | D:1      | Escaped the Abyss
   156 | D:1      | Found a faded altar of an unknown god.
   316 | D:1      | Found Ehueduiso's Book Boutique.
   340 | D:1      | Reached XP level 2. HP: 29/29 MP: 2/2
   470 | D:1      | Reached skill level 3 in Unarmed Combat
   838 | D:$      | Got out of the dungeon alive.

Illustrated notes

Levels and vault maps discovered:
D:1:      minmay_arrival_semitransparent, layout_loops_ring, serial_forest,
          infiniplex_forest_lined_4_way, infiniplex_forest_lined_2,
          infiniplex_forest_split, infiniplex_forest_zigzag_1,
          infiniplex_forest_lined_2, infiniplex_forest_clump_diagonal,
          serial_shops, shop_fountains, chequers_ecumenical_altar_simple

Skill      XL: |  1  2 |
---------------+-------+-----
Unarmed Combat | 3 |  3.1
Fighting       | |  2.4
Dodging        | |  1.9
Invocations    | |  1.5

Action                   || total
-------------------------++-------
Melee: Unarmed           ||    44
 Stab: Sleeping          ||     1
Armor: Robe              ||    18
Dodge: Dodged            ||    30

Table legend: (Time is in decaauts)
 A = Elapsed time spent in this place.
 B = Non-inter-level travel time spent in this place.
 C = Inter-level travel time spent in this place.
 D = Time resting spent in this place.
 E = Time spent auto-exploring this place.
 F = Levels seen in this place.
 G = Mean time per level.
                   A        B        C        D        E       F      G
               +--------+--------+--------+--------+--------+-----+--------+
         Total |    835 |    773 |     62 |      0 |    644 |   2 |  417.5 |
       Dungeon |    834 |    772 |     62 |      0 |    644 |   1 |  834.0 |
         Abyss |      1 |      1 |      0 |      0 |      0 |   1 |    1.0 |
               +--------+--------+--------+--------+--------+-----+--------+

Top non-repeatable levels by time:
     D:1: 834 daAuts
 Abyss:1: 1 daAuts
